 Dungeon Crawl Stone Soup version 0.29-a0-563-g64e4043184 (webtiles) character file.

Game seed: 3892289162588632771

267 DocClef the Covert (level 6, -2/79 HPs)
             Began as a Gnoll Delver on June 11, 2022.
             Succumbed to a scorpion's poison
             ... on level 4 of the Dungeon.
             The game lasted 00:00:49 (1015 turns).

DocClef the Covert (Gnoll Delver)                   Turns: 1015, Time: 00:00:50

Health: -2/79      AC: 23    Str: 11    XL:     6   Next: 21%
Magic:  8/8        EV:  2    Int: 10    God:
Gold:   57         SH:  0    Dex: 15    Spells: 8/8 levels left

rFire   . . .      SeeInvis .   a - +0 short sword
rCold   . . .      Faith    .   (no shield)
rNeg    . . .      Spirit   .   (body armour currently unavailable)
rPois   +          Reflect  .   (helmet currently unavailable)
rElec   .          Harm     .   (cloak currently unavailable)
rCorr   .          Rampage  .   (gloves currently unavailable)
Will    .....      NoTele   +   (boots currently unavailable)
Stlth   ++++......              (no amulet)
HPRegen 0.23/turn               (no ring)
MPRegen 0.11/turn               (no ring)

@: lethally poisoned (-2 -> -24), tree-form
A: stationary, stasis, torment immunity, boosted hp, (fangs 1), strong nose,
distributed training
a: no special abilities


You were on level 4 of the Dungeon.
You were a tree.
You visited 1 branch of the dungeon, and saw 2 of its levels.

You collected 57 gold pieces.

Inventory:

Hand Weapons
 a - a +0 short sword (weapon)
Armour
 b - a +0 leather armour (melded)
Jewellery
 i - a ring of fire
Wands
 g - a wand of digging (3)
 j - a wand of iceblast (18)
Scrolls
 c - 2 scrolls of fog
 d - a scroll of magic mapping
 e - a scroll of fear
 k - 2 scrolls of identify {unknown}
 l - a scroll of teleportation {unknown}
 n - a scroll of poison {unknown}
 o - a scroll of summoning {unknown}
Potions
 f - a potion of haste
 h - a potion of lignification
 m - a potion of invisibility {unknown}


   Skills:
 + Level 6.8 Fighting
 + Level 4.9 Short Blades
 + Level 1.8 Long Blades
 + Level 1.8 Axes
 + Level 1.8 Maces & Flails
 + Level 1.8 Polearms
 + Level 1.8 Staves
 + Level 1.8 Slings
 + Level 1.8 Bows
 + Level 1.8 Crossbows
 + Level 1.8 Throwing
 + Level 1.8 Armour
 + Level 4.9 Dodging
 + Level 9.7 Stealth
 + Level 1.8 Shields
 + Level 1.8 Unarmed Combat
 + Level 1.8 Spellcasting
 + Level 1.4 Conjurations
 + Level 1.4 Hexes
 + Level 1.4 Summonings
 + Level 1.4 Necromancy
 + Level 1.4 Translocations
 + Level 1.4 Transmutations
 + Level 1.4 Fire Magic
 + Level 1.4 Ice Magic
 + Level 1.4 Air Magic
 + Level 1.4 Earth Magic
 + Level 1.4 Poison Magic
 + Level 2.0 Invocations
 + Level 1.8 Evocations


You had 8 spell levels left.
You didn't know any spells.
Your spell library was empty.

Dungeon Overview and Level Annotations

Branches:
Dungeon (5/15)
 Temple: D:4-7

Altars:
Yredelemnul


Innate Abilities, Weirdness & Mutations

You are a tree.
Your roots penetrate the ground, keeping you stationary.
You cannot be teleported.
You are immune to unholy pain and torment.
Your maximum health is greatly increased.
Your equipment is partially melded.
((You have very sharp teeth.))
Your uncanny sense of smell can sniff out nearby items.
Your experience applies equally to all skills.


Message History

You are lethally poisoned!
The scorpion poisons you!
You are too injured to fight recklessly!
You are too injured to fight recklessly!
You are too injured to fight recklessly!
You are too injured to fight recklessly!
You are too injured to fight recklessly!
You are too injured to fight recklessly!
You are too injured to fight recklessly!
You are too injured to fight recklessly!
You are too injured to fight recklessly!
You are too injured to fight recklessly!
You are too injured to fight recklessly!
You are too injured to fight recklessly!
You are too injured to fight recklessly!
You are too injured to fight recklessly!
You are too injured to fight recklessly!
You are too injured to fight recklessly!
You hit the scorpion.
The scorpion is almost dead.
You feel very sick. The scorpion misses you.
You hit the scorpion.
The scorpion is almost dead.
* * * LOW HITPOINT WARNING * * *
You feel very sick. The scorpion stings you.
* * * LOW HITPOINT WARNING * * *
You hit the scorpion.
The scorpion is almost dead.
* * * LOW HITPOINT WARNING * * *
You feel very sick. The scorpion stings you.
* * * LOW HITPOINT WARNING * * *
You are more poisoned.
The scorpion poisons you!
It was a potion of lignification.
You turn into a tree.
Your +0 leather armour melds into your body.
Your roots penetrate the ground.
You die...

#.....# .
#.....## ...
##.....#
....#......#
#......(##
.#.##..###
....###..#
.........##
.......♣..#
....#..s..#
... ##...##
#. #...# .
.....
#.....#
##.....
#......


You could see a scorpion.

Vanquished Creatures
  An ice beast (D:5)
  An ogre (D:4)
  A scorpion (D:5)
  2 adders
  A shadow imp (D:5)
  An ufetubus (D:5)
  An orc (D:4)
  An endoplasm (D:4)
  A hobgoblin (D:4)
  A quokka (D:5)
11 creatures vanquished.

Notes
Turn   | Place    | Note
-------+----------+-------------------------------------------
     0 | D:5      | Reached skill level 9 in Stealth
     0 | D:5      | DocClef the Gnoll Delver began the quest for the Orb.
     0 | D:5      | Reached XP level 1. HP: 23/23 MP: 1/1
    31 | D:5      | Noticed an ice beast
    39 | D:5      | Killed an ice beast
    40 | D:5      | Reached skill level 1 in Long Blades
    40 | D:5      | Reached skill level 1 in Axes
    40 | D:5      | Reached skill level 1 in Maces & Flails
    40 | D:5      | Reached skill level 1 in Polearms
    40 | D:5      | Reached skill level 1 in Staves
    40 | D:5      | Reached skill level 1 in Slings
    40 | D:5      | Reached skill level 1 in Bows
    40 | D:5      | Reached skill level 1 in Crossbows
    40 | D:5      | Reached skill level 1 in Throwing
    40 | D:5      | Reached skill level 1 in Armour
    40 | D:5      | Reached skill level 1 in Shields
    40 | D:5      | Reached skill level 1 in Unarmed Combat
    40 | D:5      | Reached skill level 1 in Spellcasting
    40 | D:5      | Reached skill level 1 in Conjurations
    40 | D:5      | Reached skill level 1 in Hexes
    40 | D:5      | Reached skill level 1 in Summonings
    40 | D:5      | Reached skill level 1 in Necromancy
    40 | D:5      | Reached skill level 1 in Translocations
    40 | D:5      | Reached skill level 1 in Transmutations
    40 | D:5      | Reached skill level 1 in Fire Magic
    40 | D:5      | Reached skill level 1 in Ice Magic
    40 | D:5      | Reached skill level 1 in Air Magic
    40 | D:5      | Reached skill level 1 in Earth Magic
    40 | D:5      | Reached skill level 1 in Poison Magic
    40 | D:5      | Reached skill level 1 in Invocations
    40 | D:5      | Reached skill level 1 in Evocations
    40 | D:5      | Reached XP level 2. HP: 29/29 MP: 1/3
    40 | D:5      | Reached XP level 3. HP: 35/35 MP: 1/4
    40 | D:5      | Reached XP level 4. HP: 41/41 MP: 1/5
   415 | D:5      | Noticed a scorpion
   421 | D:5      | Killed a scorpion
   422 | D:5      | Reached XP level 5. HP: 47/47 MP: 5/7
   554 | D:5      | Found a basalt altar of Yredelemnul.
   827 | D:4      | Noticed an ogre
   839 | D:4      | Killed an ogre
   840 | D:4      | Reached XP level 6. HP: 30/53 MP: 8/8
  1014 | D:4      | HP: 2/53 [scorpion (4)]
  1015 | D:4      | Succumbed to a scorpion's poison

Illustrated notes

Levels and vault maps discovered:
D:4:      layout_cave_pools, minmay_misc_feat_doors
D:5:      layout_basic, mainiacjoe_overflow_alcove_2, minivault_25

Skill      XL: |  1  2  3  4  5 |
---------------+----------------+-----
Stealth        | |  9.7
Long Blades    | 1 |  1.8
Axes           | 1 |  1.8
Maces & Flails | 1 |  1.8
Polearms       | 1 |  1.8
Staves         | 1 |  1.8
Slings         | 1 |  1.8
Bows           | 1 |  1.8
Crossbows      | 1 |  1.8
Throwing       | 1 |  1.8
Armour         | 1 |  1.8
Shields        | 1 |  1.8
Unarmed Combat | 1 |  1.8
Spellcasting   | 1 |  1.8
Conjurations   | 1 |  1.4
Hexes          | 1 |  1.4
Summonings     | 1 |  1.4
Necromancy     | 1 |  1.4
Translocations | 1 |  1.4
Transmutations | 1 |  1.4
Fire Magic     | 1 |  1.4
Ice Magic      | 1 |  1.4
Air Magic      | 1 |  1.4
Earth Magic    | 1 |  1.4
Poison Magic   | 1 |  1.4
Invocations    | 1 2 |  2.0
Evocations     | 1 |  1.8
Fighting       | |  6.8
Short Blades   | |  4.9
Dodging        | |  4.9

Action                   |  1- 3 |  4- 6 || total
-------------------------+-------+-------++-------
Melee: Short sword       |     2 |    65 ||    67
       Bite              |       |    17 ||    17
       Punch             |       |     1 ||     1
  Use: Potion            |       |     1 ||     1
 Stab: Sleeping          |     1 |     4 ||     5
Armor: Leather armour    |       |     4 ||     4
Dodge: Dodged            |       |    30 ||    30

Table legend: (Time is in decaauts)
 A = Elapsed time spent in this place.
 B = Non-inter-level travel time spent in this place.
 C = Inter-level travel time spent in this place.
 D = Time resting spent in this place.
 E = Time spent auto-exploring this place.
 F = Levels seen in this place.
 G = Mean time per level.
                   A        B        C        D        E       F      G
               +--------+--------+--------+--------+--------+-----+--------+
         Total |   1005 |    979 |     26 |      0 |    847 |   2 |  502.5 |
       Dungeon |   1005 |    979 |     26 |      0 |    847 |   2 |  502.5 |
               +--------+--------+--------+--------+--------+-----+--------+

Top non-repeatable levels by time:
     D:5: 794 daAuts
     D:4: 210 daAuts
